TOP OF THE 1ST |
Manhatten Meatheads batting - Pitching for Lee's Summit Tigers : RHP Renato Camardiel
|
Pitching: RHP Renato Camardiel
|
|
Batting: LHB Wayne Rogers
|
0-0: Called Strike 0-1: Called Strike 0-2: TRIPLE (Flyball, 78XD)
|
Batting: RHB Roberto Rodríguez
|
0-0: SINGLE (Groundball, 6) (infield hit) Wayne Rogers scores
|
Batting: RHB Ed Gaston
|
0-0: Called Strike Roberto Rodríguez steals 2nd base 0-1: TRIPLE (Flyball, 89XD) Roberto Rodríguez scores
|
Batting: LHB Geoff May
|
0-0: Called Strike 0-1: Ball 1-1: Called Strike 1-2: Strikes out swinging
|
Batting: RHB Paul French
|
0-0: Swinging Strike 0-1: Foul Ball, location: 2F 0-2: Ball 1-2: Strikes out looking
|
Batting: LHB Aaron Scott
|
0-0: Called Strike 0-1: Swinging Strike 0-2: Strikes out swinging
|
Top of the 1st over - 2 runs, 3 hits, 0 errors, 1 left on base; Manhatten 2 - Lee's Summit 0 |
BOTTOM OF THE 1ST |
Lee's Summit Tigers batting - Pitching for Manhatten Meatheads : RHP Michael Pittman
|
Pitching: RHP Michael Pittman
|
|
Batting: RHB José Deleón
|
0-0: Called Strike 0-1: Ball 1-1: Hit by Pitch
|
Batting: LHB Claudio Jiménez
|
0-0: Ball 1-0: Ball 2-0: Ball 3-0: Called Strike 3-1: Foul Ball, location: 2F 3-2: Strikes out swinging
|
Batting: LHB Brian Lawson
|
0-0: Ball 1-0: SINGLE (Popup, 5D) José Deleón to second
|
Batting: RHB Tommy Smith
|
0-0: Called Strike 0-1: Ball 1-1: Ball 2-1: Fly out, F9 (Flyball, 89M)
|
Batting: LHB Víctor Piña
|
0-0: Ball 1-0: Ball 2-0: Foul Ball, location: 2F 2-1: Ball 3-1: Called Strike 3-2: Base on Balls José Deleón to third Brian Lawson to second
|
Batting: RHB Juan Rodríguez
|
0-0: SINGLE (Line Drive, 89S) José Deleón scores Brian Lawson to third Víctor Piña to second Runner from 3rd tries for Home, SAFE, no throw
|
Batting: LHB António Bonaccorsi
|
0-0: Swinging Strike 0-1: Ball 1-1: Foul Ball, location: 2F 1-2: Foul Ball, location: 2F 1-2: SINGLE (Line Drive, 89M) Víctor Piña to third Juan Rodríguez to second
|
Batting: RHB Josh Martin
|
0-0: GRAND SLAM HOME RUN (Line Drive, 7LD), Distance : 343 ft
|
Batting: SHB Enrique Bartoccini
|
0-0: DOUBLE (Line Drive, 7D)
|
Pitching: RHP José Ríos
|
|
Batting: RHB José Deleón
|
0-0: Foul Ball, location: 2F 0-1: Ball 1-1: Called Strike 1-2: Ball 2-2: Foul Ball, location: 2F 2-2: Ball 3-2: Base on Balls
|
Batting: LHB Claudio Jiménez
|
0-0: Called Strike 0-1: Swinging Strike 0-2: Strikes out looking
|
Bottom of the 1st over - 6 runs, 5 hits, 0 errors, 2 left on base; Manhatten 2 - Lee's Summit 6 |
TOP OF THE 2ND |
Manhatten Meatheads batting - Pitching for Lee's Summit Tigers : RHP Renato Camardiel
|
Batting: RHB Wayne Hanson
|
0-0: Ball 1-0: Ball 2-0: Ground out 5-3 (Groundball, 56)
|
Batting: LHB Justin Tubridy
|
0-0: Called Strike 0-1: Foul Ball, location: 2F 0-2: Strikes out looking
|
Batting: RHB Juan Blanco
|
0-0: Swinging Strike 0-1: Called Strike 0-2: Ball 1-2: Foul Ball, location: 2F 1-2: Strikes out swinging
|
Top of the 2nd over - 0 runs, 0 hits, 0 errors, 0 left on base; Manhatten 2 - Lee's Summit 6 |
BOTTOM OF THE 2ND |
Lee's Summit Tigers batting - Pitching for Manhatten Meatheads : RHP José Ríos
|
Batting: LHB Brian Lawson
|
0-0: Called Strike 0-1: Foul Ball, location: 2F 0-2: Ball 1-2: Ground out 4-3 (Groundball, 4)
|
Batting: RHB Tommy Smith
|
0-0: Ball 1-0: Foul Ball, location: 2F 1-1: Ball 2-1: SOLO HOME RUN (Flyball, 7LD), Distance : 322 ft
|
Batting: LHB Víctor Piña
|
0-0: Called Strike 0-1: Swinging Strike 0-2: Ball 1-2: Ball 2-2: Ball 3-2: Strikes out looking
|
Batting: RHB Juan Rodríguez
|
0-0: Foul Ball, location: 2F 0-1: Foul Ball, location: 2F 0-2: Strikes out swinging
|
Bottom of the 2nd over - 1 run, 1 hit, 0 errors, 0 left on base; Manhatten 2 - Lee's Summit 7 |
TOP OF THE 3RD |
Manhatten Meatheads batting - Pitching for Lee's Summit Tigers : RHP Renato Camardiel
|
Batting: LHB Wayne Rogers
|
0-0: Ball 1-0: Ball 2-0: Called Strike 2-1: Swinging Strike 2-2: Ball 3-2: SINGLE (Groundball, 34) (infield hit)
|
Batting: RHB Roberto Rodríguez
|
0-0: Ball 1-0: Ball 2-0: Ball 3-0: Called Strike 3-1: Base on Balls Wayne Rogers to second
|
Batting: RHB Ed Gaston
|
0-0: Called Strike 0-1: Called Strike 0-2: Foul Ball, location: 2F 0-2: Foul Ball, location: 2F 0-2: Strikes out looking
|
Batting: LHB Geoff May
|
0-0: Called Strike 0-1: Ball 1-1: Foul Ball, location: 2F 1-2: Foul Ball, location: 2F 1-2: Strikes out swinging
|
Batting: RHB Paul French
|
0-0: Foul Ball, location: 2F 0-1: Hit by Pitch Wayne Rogers to third Roberto Rodríguez to second
|
Batting: LHB Aaron Scott
|
0-0: Ball 1-0: Ball 2-0: Called Strike 2-1: Called Strike 2-2: Strikes out looking
|
Top of the 3rd over - 0 runs, 1 hit, 0 errors, 3 left on base; Manhatten 2 - Lee's Summit 7 |
BOTTOM OF THE 3RD |
Lee's Summit Tigers batting - Pitching for Manhatten Meatheads : RHP José Ríos
|
Batting: LHB António Bonaccorsi
|
0-0: Called Strike 0-1: Swinging Strike 0-2: Strikes out looking
|
Batting: RHB Josh Martin
|
0-0: Ball 1-0: Ball 2-0: Ground out 3-1 (Groundball, 34)
|
Batting: SHB Enrique Bartoccini
|
0-0: Ball 1-0: Foul Ball, location: 2F 1-1: Swinging Strike 1-2: Ball 2-2: Strikes out swinging
|
Bottom of the 3rd over - 0 runs, 0 hits, 0 errors, 0 left on base; Manhatten 2 - Lee's Summit 7 |
TOP OF THE 4TH |
Manhatten Meatheads batting - Pitching for Lee's Summit Tigers : RHP Renato Camardiel
|
Batting: RHB Wayne Hanson
|
0-0: Called Strike 0-1: Ball 1-1: SINGLE (Groundball, 56D)
|
Batting: LHB Justin Tubridy
|
0-0: Ball 1-0: Ball Wayne Hanson is caught stealing 2nd base 2-0: Ball 3-0: Called Strike 3-1: Swinging Strike 3-2: Ground out 5-3 (Groundball, 56S)
|
Batting: RHB Juan Blanco
|
0-0: Reached on error, E5 (Groundball, 56)
|
Batting: LHB Wayne Rogers
|
0-0: Foul Ball, location: 2F 0-1: Ball 1-1: Ball 2-1: Ground out 4-3 (Groundball, 4)
|
Top of the 4th over - 0 runs, 1 hit, 1 error, 1 left on base; Manhatten 2 - Lee's Summit 7 |
BOTTOM OF THE 4TH |
Lee's Summit Tigers batting - Pitching for Manhatten Meatheads : RHP José Ríos
|
Batting: RHB José Deleón
|
0-0: Called Strike 0-1: Ball 1-1: Ball 2-1: Foul Ball, location: 2F 2-2: Strikes out swinging
|
Batting: LHB Claudio Jiménez
|
0-0: Called Strike 0-1: Ball 1-1: Foul Ball, location: 2F 1-2: Strikes out swinging
|
Batting: LHB Brian Lawson
|
0-0: Swinging Strike 0-1: Ball 1-1: Swinging Strike 1-2: Strikes out swinging
|
Bottom of the 4th over - 0 runs, 0 hits, 0 errors, 0 left on base; Manhatten 2 - Lee's Summit 7 |
TOP OF THE 5TH |
Manhatten Meatheads batting - Pitching for Lee's Summit Tigers : RHP Renato Camardiel
|
Batting: RHB Roberto Rodríguez
|
0-0: Foul Ball, location: 2F 0-1: Called Strike 0-2: Fly out, F9 (Flyball, 9S)
|
Batting: RHB Ed Gaston
|
0-0: Ball 1-0: Ball 2-0: Foul Ball, location: 2F 2-1: Ball 3-1: Base on Balls
|
Batting: LHB Geoff May
|
0-0: Ball 1-0: Ball 2-0: 2-RUN HOME RUN (Flyball, 9LD), Distance : 335 ft
|
Batting: RHB Paul French
|
0-0: Ball 1-0: Called Strike 1-1: SOLO HOME RUN (Flyball, 7D), Distance : 344 ft
|
Batting: LHB Aaron Scott
|
0-0: Foul Ball, location: 2F 0-1: Ball 1-1: Ball 2-1: Called Strike 2-2: Strikes out swinging
|
Batting: RHB Wayne Hanson
|
0-0: Foul Ball, location: 2F 0-1: Foul Ball, location: 2F 0-2: Ball 1-2: Fly out, F7 (Flyball, 78S)
|
Top of the 5th over - 3 runs, 2 hits, 0 errors, 0 left on base; Manhatten 5 - Lee's Summit 7 |
BOTTOM OF THE 5TH |
Lee's Summit Tigers batting - Pitching for Manhatten Meatheads : RHP José Ríos
|
Batting: RHB Tommy Smith
|
0-0: Called Strike 0-1: Ball 1-1: Ball 2-1: Foul Ball, location: 2F 2-2: DOUBLE (Line Drive, 7LM)
|
Batting: LHB Víctor Piña
|
0-0: Intentional Walk
|
Pitching: RHP Jorge Báez
|
|
Batting: RHB Juan Rodríguez
|
0-0: 3-RUN HOME RUN (Flyball, 7D), Distance : 345 ft
|
Batting: LHB António Bonaccorsi
|
0-0: Called Strike 0-1: Called Strike 0-2: Ball 1-2: Fly out, F8 (Flyball, 8RS)
|
Batting: RHB Josh Martin
|
0-0: Foul Ball, location: 2F 0-1: Foul Ball, location: 2F 0-2: Strikes out swinging
|
Batting: SHB Enrique Bartoccini
|
0-0: Ball 1-0: Ball 2-0: Ball 3-0: Called Strike 3-1: Base on Balls
|
Batting: RHB José Deleón
|
0-0: Ball 1-0: Called Strike 1-1: Swinging Strike 1-2: Foul Ball, location: 2F 1-2: SINGLE (Groundball, 6MD) Enrique Bartoccini to second
|
Batting: LHB Claudio Jiménez
|
0-0: Ball 1-0: Foul Ball, location: 2F 1-1: Ball 2-1: Ball 3-1: Foul Ball, location: 2F 3-2: Strikes out swinging
|
Bottom of the 5th over - 3 runs, 3 hits, 0 errors, 2 left on base; Manhatten 5 - Lee's Summit 10 |
TOP OF THE 6TH |
Manhatten Meatheads batting - Pitching for Lee's Summit Tigers : RHP Renato Camardiel
|
Pitching: RHP Roberto Pérez
|
|
Batting: LHB Justin Tubridy
|
0-0: SINGLE (Groundball, 3D)
|
Batting: RHB Juan Blanco
|
0-0: Ball 1-0: Ball 2-0: Ball 3-0: Called Strike 3-1: Called Strike 3-2: Foul Ball, location: 2F 3-2: Foul Ball, location: 2F 3-2: Strikes out swinging Justin Tubridy steals 2nd base Batter strikes out.
|
Batting: LHB Wayne Rogers
|
0-0: Ball 1-0: Called Strike Justin Tubridy steals 3rd base 1-1: Swinging Strike 1-2: DOUBLE (Line Drive, 7LS) Justin Tubridy scores
|
Batting: RHB Roberto Rodríguez
|
0-0: Called Strike 0-1: Ball 1-1: Foul Ball, location: 2F 1-2: Ball 2-2: Strikes out looking
|
Batting: RHB Ed Gaston
|
0-0: Ball 1-0: Called Strike 1-1: Ball 2-1: Swinging Strike 2-2: Foul Ball, location: 2F 2-2: Fly out, F7 (Flyball, 78D)
|
Top of the 6th over - 1 run, 2 hits, 0 errors, 1 left on base; Manhatten 6 - Lee's Summit 10 |
BOTTOM OF THE 6TH |
Lee's Summit Tigers batting - Pitching for Manhatten Meatheads : RHP Jorge Báez
|
Batting: LHB Brian Lawson
|
0-0: Called Strike 0-1: Ball 1-1: Fly out, F9 (Flyball, 9S)
|
Batting: RHB Tommy Smith
|
0-0: Ball 1-0: Called Strike 1-1: Ball 2-1: Called Strike 2-2: Fly out, F7 (Line Drive, 7D)
|
Batting: LHB Víctor Piña
|
0-0: Ball 1-0: Ball 2-0: Called Strike 2-1: Ball 3-1: Foul Ball, location: 2F 3-2: Ground out 6-3 (Groundball, 56)
|
Bottom of the 6th over - 0 runs, 0 hits, 0 errors, 0 left on base; Manhatten 6 - Lee's Summit 10 |
TOP OF THE 7TH |
Manhatten Meatheads batting - Pitching for Lee's Summit Tigers : RHP Roberto Pérez
|
Batting: LHB Geoff May
|
0-0: Ball 1-0: Swinging Strike 1-1: Swinging Strike 1-2: Ball 2-2: Ball 3-2: Strikes out swinging
|
Batting: RHB Paul French
|
0-0: Called Strike 0-1: SINGLE (Flyball, 9S)
|
Batting: LHB Aaron Scott
|
0-0: Ball 1-0: Grounds into double play, 1-6-3 (Groundball, 13)
|
Top of the 7th over - 0 runs, 1 hit, 0 errors, 0 left on base; Manhatten 6 - Lee's Summit 10 |
BOTTOM OF THE 7TH |
Lee's Summit Tigers batting - Pitching for Manhatten Meatheads : RHP Jorge Báez
|
Batting: RHB Juan Rodríguez
|
0-0: TRIPLE (Line Drive, 8LXD)
|
Batting: LHB António Bonaccorsi
|
0-0: Intentional Walk
|
Batting: RHB Josh Martin
|
0-0: Ball 1-0: Called Strike 1-1: Fly out, F9 (Flyball, 9D) Runner from 3rd tags up, SCORES, no throw
|
Batting: SHB Enrique Bartoccini
|
0-0: Ball 1-0: Called Strike 1-1: Ball 2-1: Foul Ball, location: 2F 2-2: Strikes out looking
|
Batting: RHB José Deleón
|
0-0: Called Strike 0-1: Ball 1-1: Called Strike António Bonaccorsi steals 2nd base 1-2: Ball 2-2: Ground out U3 (Groundball, 34S)
|
Bottom of the 7th over - 1 run, 1 hit, 0 errors, 1 left on base; Manhatten 6 - Lee's Summit 11 |
TOP OF THE 8TH |
Manhatten Meatheads batting - Pitching for Lee's Summit Tigers : RHP Roberto Pérez
|
Now at 2B: Stephen Segura
|
|
Batting: RHB Wayne Hanson
|
0-0: Ball 1-0: Ball 2-0: Called Strike 2-1: Ball 3-1: Ground out 6-3 (Groundball, 6)
|
Batting: LHB Justin Tubridy
|
0-0: Called Strike 0-1: Ball 1-1: Swinging Strike 1-2: Ball 2-2: Strikes out looking
|
Batting: RHB Juan Blanco
|
0-0: Called Strike 0-1: Foul Ball, location: 2F 0-2: Foul Ball, location: 2F 0-2: Ball 1-2: Ground out 5-3 (Groundball, 56S)
|
Top of the 8th over - 0 runs, 0 hits, 0 errors, 0 left on base; Manhatten 6 - Lee's Summit 11 |
BOTTOM OF THE 8TH |
Lee's Summit Tigers batting - Pitching for Manhatten Meatheads : RHP Jorge Báez
|
Batting: LHB Claudio Jiménez
|
0-0: Ball 1-0: Called Strike 1-1: Fly out, F7 (Flyball, 7S)
|
Batting: LHB Brian Lawson
|
0-0: Swinging Strike 0-1: Ball 1-1: Called Strike 1-2: Ground out U3 (Groundball, 34)
|
Batting: RHB Tommy Smith
|
0-0: Ball 1-0: SINGLE (Line Drive, 7S)
|
Pitching: RHP Frank Scott
|
|
Batting: LHB Víctor Piña
|
0-0: Called Strike 0-1: Ball 1-1: Foul Ball, location: 2F 1-2: Ball 2-2: Foul Ball, location: 2F 2-2: Foul Ball, location: 2F 2-2: Strikes out swinging
|
Bottom of the 8th over - 0 runs, 1 hit, 0 errors, 1 left on base; Manhatten 6 - Lee's Summit 11 |
TOP OF THE 9TH |
Manhatten Meatheads batting - Pitching for Lee's Summit Tigers : RHP Roberto Pérez
|
Now at C: Gerardo Romero
|
|
Batting: LHB Wayne Rogers
|
0-0: Ball 1-0: Ball 2-0: Foul Ball, location: 2F 2-1: Ball 3-1: Base on Balls
|
Batting: RHB Roberto Rodríguez
|
0-0: Called Strike 0-1: Foul Ball, location: 2F 0-2: SINGLE (Groundball, 4MD) Wayne Rogers to second
|
Batting: RHB Ed Gaston
|
0-0: Grounds into double play, 3-6-4 (Groundball, 34) Wayne Rogers to third
|
Batting: LHB Geoff May
|
0-0: Ground out 4-3 (Groundball, 4)
|
Top of the 9th over - 0 runs, 1 hit, 0 errors, 1 left on base; Manhatten 6 - Lee's Summit 11 |
|